 Dungeon Crawl Stone Soup version 0.30-a0-739-gea05faddec (webtiles) character file.

Game seed: 18413631039003015045

522 BRD the Chopper (level 7, 0/55 HPs)
             Began as a Demonspawn Fighter on Feb 4, 2023.
             Slain by an ogre zombie
             ... wielding a +0 giant club of venom
              (4 damage)
             ... on level 4 of the Dungeon.
             The game lasted 00:09:41 (2270 turns).

BRD the Chopper (Demonspawn Fighter)                Turns: 2270, Time: 00:09:41

Health: 0/55       AC: 19    Str: 21    XL:     7   Next: 2%
Magic:  0/7        EV:  9    Int: 12    God:
Gold:   260        SH:  5    Dex: 12    Spells: 6/6 levels left

rFire   + . .      SeeInvis .    z - +9 war axe of Beogh's Reproof {venom, rElec rN+ Int+2}
rCold   . . .      Faith    .    c - +0 buckler
rNeg    + . .      Spirit   +    b - +0 scale mail
rPois   .          Reflect  .    y - +1 helmet
rElec   +          Harm     .    (no cloak)
rCorr   .          Rampage  .    C - +2 pair of gloves {Str+3}
Will    .....                    g - +0 pair of boots Stlth
                                 v - amulet of guardian spirit
HPRegen 0.29/turn                i - ring of protection from fire
MPRegen 0.10/turn                G - +4 ring of protection

@: mighty, lethally poisoned (0 -> -42)
A: hooves 2, thin metallic scales 1, spiny 1
a: no special abilities


You were on level 4 of the Dungeon.
You visited 1 branch of the dungeon, and saw 4 of its levels.

You collected 260 gold pieces.

Inventory:

Hand Weapons
 z - the +9 war axe of Beogh's Reproof (weapon) {venom, rElec rN+ Int+2}
   (You found it on level 3 of the Dungeon)

   Int:       It affects your intelligence (+2).
   rElec:     It insulates you from electricity.
   rN:        It protects you from negative energy.
Missiles
 B - a throwing net
 D - 3 atropa-tipped darts (quivered)
Armour
 b - a +0 scale mail (worn)
 c - a +0 buckler (worn)
 g - a +0 pair of boots (worn)
 y - a +1 helmet (worn)
 C - a +2 pair of gloves of strength (worn)
Jewellery
 i - a ring of protection from fire (left hand)
 u - a +6 ring of dexterity
 v - an amulet of guardian spirit (around neck)
 G - a +4 ring of protection (right hand)
Scrolls
 e - 3 scrolls of enchant armour {unknown}
 f - a scroll of blinking {unknown}
 j - a scroll of torment {unknown}
 k - 2 scrolls of vulnerability {unknown}
 l - 6 scrolls of identify {unknown}
 m - a scroll of poison {unknown}
 o - a scroll of fear {unknown}
 q - a scroll of immolation {unknown}
 r - 2 scrolls of noise {unknown}
 s - a scroll of silence {unknown}
 t - a scroll of magic mapping {unknown}
 w - 2 scrolls of fog {unknown}
 A - a scroll of teleportation {unknown}
 F - a scroll of brand weapon {unknown}
 H - a scroll of butterflies {unknown}
Potions
 a - 2 potions of resistance
 h - 3 potions of haste {unknown}
 n - a potion of curing {unknown}
 p - a potion of flight {unknown}
 x - a potion of mutation {unknown}
 E - 2 potions of brilliance {unknown}
 I - a potion of ambrosia {unknown}


   Skills:
 + Level 4.6 Fighting
 * Level 4.9 Axes
 - Level 3.1 Armour
 + Level 4.2 Shields


You had 6 spell levels left.
You didn't know any spells.
Your spell library contained the following spells:

 Spells                   Type           Power      Damage    Failure   Level
 Shock                    Conj/Air       0%         1d3       75%         1
 Sublimation of Blood     Necr           0%         N/A       87%         2
 Gell's Gravitas          Tloc           0%         N/A       98%         3
 Swiftness                Air            0%         N/A       98%         3
 Teleport Other           Tloc           0%         N/A       98%         3
 Vhi's Electric Charge    Tloc/Air       0%         N/A       98%         3
 Airstrike                Air            0%         2d(0-16)  100%        4
 Petrify                  Tmut/Erth      0%         N/A       100%        4
 Arcjolt                  Conj/Air       0%         1d10      100%        5
 Irradiate                Conj/Tmut      0%         3d11      100%        5
 Dispersal                Tloc           0%         N/A       100%        6
 Maxwell's Capacitive Co  Air            0%         ∞         100%        8


Dungeon Overview and Level Annotations

Branches:
Dungeon (4/15)
 Temple: D:4-7

Altars:
Trog

Shops:
D:1 ?(   D:2 :[

Annotations:
D:4 1 transporter


Innate Abilities, Weirdness & Mutations

You have hoof-like feet.
You are partially covered in thin metallic scales. (AC +2)
You are partially covered in sharp spines.


Message History

A hobgoblin is nearby!
You hit the hobgoblin.
You kill the hobgoblin!
No target in view!
No target in view!
Found a stone staircase leading up.
There is a stone staircase leading up here.
Found a transporter.
Partly explored, unvisited transporter.
There is a transporter here.
Okay, then.
You enter the transporter and appear at another place.
a - 2 potions of resistance (gained 1)
You feel very mighty all of a sudden.
You open the gate.
You are engulfed in poison gas.
You are poisoned.
You feel very sick.
The ogre zombie is struck by your spines.
The ogre zombie closely misses you.
There is an open gate here.
You are engulfed in poison gas.
You are more poisoned.
You feel very sick.
You slash the ogre zombie!
The ogre zombie is moderately damaged.
You slash the orc warrior zombie!
You are engulfed in poison gas.
You are more poisoned.
You feel extremely sick. The ogre zombie barely misses you.
The orc warrior zombie hits you but does no damage.
You are more poisoned.
You slice the orc warrior zombie!!
The orc warrior zombie is almost destroyed.
You slash the ogre zombie!
You are engulfed in poison gas.
You are more poisoned.
* * * LOW HITPOINT WARNING * * *
You feel extremely sick.
The orc warrior zombie is struck by your spines.
You destroy the orc warrior zombie!
The ogre zombie hits you with a +0 giant club of venom!
You die...

##.###..# #..##..........
#....#.# #..####...#.#.#
#.##.######## ##.##.#..
########○°○☼°#####.##.#..
#°°°°°°#°°°°°#.....##.#..
####.°○°○°#°°○°°########.#..
##..#°°#.#.○☼°.$)#..## #.#..
#..©#☼○©...ZZ°.!©#©..# #.#..
#...#..#.#.°@○.$[#...####.#..
#...#°°☼°○○#○°☼°°#......†....
#..##°○°°°°#☼°○○°#.....####.#
##.#########°°○☼☼#.####.>....
#...# #######)# #.###)# ###.#
#..# #.# ##.###.# ##.## #..#
#.###...##.# #######...##
#..####.<...#.....
...........#
#........##...####


You could see 2 ogre zombies.

Vanquished Creatures
  2 phantoms (D:4)
  3 necrophages (D:4)
  A hound (D:4)
  An orc wizard (D:4)
  4 gnolls (D:3)
  An adder (D:3)
  A white imp (D:4)
  2 dart slugs (D:2)
  3 orcs
  4 ball pythons (D:4)
  12 endoplasms
  A giant cockroach (D:2)
  8 goblins
  4 hobgoblins
  7 jackals
  5 kobolds
  2 quokkas (D:2)
  9 bats
  5 frilled lizards
  A goblin skeleton (D:4)
  2 hobgoblin zombies (D:4)
  A kobold zombie (D:4)
  An orc skeleton (D:4)
  3 orc zombies (D:4)
  5 rats
88 creatures vanquished.

Notes
Turn   | Place    | Note
-------+----------+-------------------------------------------
     0 | D:1      | BRD the Demonspawn Fighter began the quest for the Orb.
     0 | D:1      | Reached XP level 1. HP: 18/18 MP: 1/1
    78 | D:1      | Gained mutation: You are partially covered in thin metallic
                  | scales. (AC +2) [demonic ancestry]
    78 | D:1      | Reached XP level 2. HP: 24/24 MP: 2/2
   376 | D:1      | Found Muelo's Weapon Shop.
   450 | D:1      | Found Vaituoc's Magic Scroll Shoppe.
   581 | D:1      | Reached XP level 3. HP: 29/29 MP: 3/3
   744 | D:2      | Found Mupa's Book Emporium.
   796 | D:2      | Found a bloodstained altar of Trog.
  1012 | D:2      | Found Femynih's Antique Armour Emporium.
  1119 | D:2      | Found a faded altar of an unknown god.
  1319 | D:3      | Identified the +9 war axe of Beogh's Reproof {venom, rElec
                  | rN+ Int+2}
  1341 | D:3      | Gained mutation: You have large cloven feet. [demonic
                  | ancestry]
  1341 | D:3      | Reached XP level 4. HP: 35/35 MP: 4/4
  1587 | D:3      | You fall into a shaft and drop 1 floor!
  1612 | D:4      | Noticed a necrophage
  1620 | D:4      | Killed a necrophage
  1621 | D:4      | Reached XP level 5. HP: 39/42 MP: 5/5
  1663 | D:4      | Noticed a phantom
  1671 | D:4      | Gained mutation: You are partially covered in sharp spines.
                  | [demonic ancestry]
  1671 | D:4      | Reached XP level 6. HP: 23/48 MP: 1/6
  1972 | D:4      | Found a transporter.
  2146 | D:4      | Gained mutation: You have hoof-like feet. [demonic
                  | ancestry]
  2146 | D:4      | Reached XP level 7. HP: 55/55 MP: 7/7
  2252 | D:4      | Found a transporter.
  2270 | D:4      | Slain by an ogre zombie

Illustrated notes

Levels and vault maps discovered:
D:1:      eino_arrival_water_cross, layout_basic, serial_shops, shop,
          nicolae_shop_bloodbath_and_beyond, corner_web_ring
D:2:      layout_basic, shapermc_ecumenical_altar_hornbeckon, basic_altar,
          serial_shops, nicolae_square_shop, shop, chequers_decorated_corner,
          minmay_joined_circles
D:3:      layout_basic, gammafunk_ghost_split
D:4:      gammafunk_cloud_chamber, layout_loops_ring,
          nicolae_tso_besieged_by_evil

Skill      XL: |  1  2  3  4  5  6 |
---------------+-------------------+-----
Axes           | 2 3 4 |  4.9
Armour         | 3 |  3.1
Shields        | 3 4 |  4.2
Fighting       | 4 |  4.6

Action                     |  1- 3 |  4- 6 |  7- 9 || total
---------------------------+-------+-------+-------++-------
  Melee: War axe           |   105 |    49 |     4 ||   158
    Use: Potion            |       |     1 |     1 ||     2
 Armour: Scale mail        |    73 |    31 |     2 ||   106
  Dodge: Dodged            |    67 |    13 |     3 ||    83
  Block: Buckler           |    29 |    12 |       ||    41

Table legend: (Time is in decaauts)
 A = Elapsed time spent in this place.
 B = Non-inter-level travel time spent in this place.
 C = Inter-level travel time spent in this place.
 D = Time resting spent in this place.
 E = Time spent auto-exploring this place.
 F = Levels seen in this place.
 G = Mean time per level.
                   A        B        C        D        E       F      G
               +--------+--------+--------+--------+--------+-----+--------+
         Total |   2333 |   2238 |     95 |     58 |   1619 |   4 |  583.2 |
       Dungeon |   2333 |   2238 |     95 |     58 |   1619 |   4 |  583.2 |
               +--------+--------+--------+--------+--------+-----+--------+

Top non-repeatable levels by time:
     D:4: 694 daAuts
     D:1: 657 daAuts
     D:2: 629 daAuts
     D:3: 352 daAuts
